 Dungeon Crawl Stone Soup version 0.19.1 (webtiles) character file.

2909 markt42 the Cleaver (level 9, -2/74 (75) HPs)
             Began as a Hill Orc Fighter on Dec 6, 2016.
             Was a Priest of Okawaru.
             Slain by a yak (4 damage)
             ... on level 7 of the Dungeon.
             The game lasted 00:10:50 (8118 turns).

markt42 the Cleaver (Hill Orc Fighter)              Turns: 8118, Time: 00:10:51

HP:   -2/74 (75)    AC: 16    Str: 21    XL:     9   Next: 78%
MP:   9/9           EV:  3    Int:  8    God:    Okawaru [***...]
Gold: 492           SH: 16    Dex: 11    Spells: 0 memorised, 8 levels left

rFire  . . .     SeeInvis .     Q - +3 flail
rCold  + . .     Gourm    .     N - +0 plate armour
rNeg   . . .     Faith    .     n - +0 large shield
rPois  +         Spirit   .     (no helmet)
rElec  .         Reflect  .     i - +0 cloak
rCorr  +         Harm     +     M - +0 pair of gloves of Halowokk {rC+}
MR     .....                    d - +0 pair of boots
Stlth  ..........               l - amulet of harm
                                F - ring of resist corrosion
                                B - ring of poison resistance

@: no status effects
A: no striking features
a: Heroism, Renounce Religion


You were on level 7 of the Dungeon.
You worshipped Okawaru.
Okawaru was most pleased with you.
You were not hungry.

You visited 2 branches of the dungeon, and saw 9 of its levels.

You collected 492 gold pieces.

Inventory:

Hand Weapons
 Q - a +3 flail (weapon)
Armour
 d - a +0 pair of boots (worn)
 i - a +0 cloak (worn)
 n - a +0 large shield (worn)
 M - the +0 pair of gloves of Halowokk (worn) {rC+}
   (You found it on level 5 of the Dungeon)

   It protects you from cold.
 N - a +0 plate armour (worn)
Jewellery
 l - an amulet of harm (around neck)
 B - a ring of poison resistance (left hand)
 F - a ring of resist corrosion (right hand)
 J - a +2 ring of protection
Wands
 u - a wand of slowing (23/48)
 E - a wand of random effects (18/48)
 L - a wand of disintegration (7/24)
Scrolls
 a - a scroll of fear {unknown}
 k - a scroll of noise {unknown}
 o - 4 scrolls of remove curse {unknown}
 p - a scroll of enchant weapon {unknown}
 t - 3 scrolls of immolation {unknown}
 w - 2 scrolls of magic mapping {unknown}
 y - a scroll of random uselessness {unknown}
 D - a scroll of recharging {unknown}
 G - a scroll of teleportation {unknown}
Potions
 c - 2 potions of cancellation {unknown}
 e - a potion of heal wounds
 g - 2 potions of berserk rage {unknown}
 j - 2 potions of ambrosia {unknown}
 m - 3 potions of haste {unknown}
 q - 7 potions of curing {unknown}
 r - a potion of beneficial mutation {unknown}
 s - 2 potions of flight {unknown}
 v - a potion of magic {unknown}
 z - a potion of resistance {unknown}
 A - a potion of mutation {unknown}
 C - a potion of invisibility {unknown}
 H - 2 potions of agility {unknown}
 I - a potion of brilliance {unknown}
 K - a potion of cure mutation {unknown}
 P - a potion of might
Comestibles
 b - a beef jerky
 f - 6 bread rations
 h - 5 fruits
 x - 6 meat rations
 O - a chunk of flesh


   Skills:
 + Level 6.2 Fighting
   Level 12.1(12.4) Axes
 * Level 3.8(7.7) Maces & Flails
 + Level 5.4 Armour
 + Level 1.1 Dodging
 + Level 7.4 Shields


You had 8 spell levels left.
You didn't know any spells.

Dungeon Overview and Level Annotations

Branches:
Dungeon (8/15)             Temple (1/1) D:5
   Lair: D:8-11

Altars:
Ashenzari
Cheibriados
Dithmenos
Elyvilon
Fedhas
Gozag
Hepliaklqana
Kikubaaqudgha
Makhleb
Nemelex Xobeh
Okawaru
Qazlal
Ru
Sif Muna
Trog
Uskayaw
Vehumet
Xom
Yredelemnul
Zin


Message History

You climb upwards.
There is a stone staircase leading down here.
You hit the yak.
The yak is moderately wounded.
The yak gores you!
* * * LOW HITPOINT WARNING * * *
You are too injured to fight recklessly!
You hit the yak but do no damage.
The yak is moderately wounded.
The yak gores you but does no damage.
You hit the yak.
The yak is heavily wounded.
The yak gores you.
* * * LOW HITPOINT WARNING * * *
The yak gores you!
* * * LOW HITPOINT WARNING * * *
Your shield prevents you from hitting the yak.
The yak is heavily wounded.
The yak gores you.
You die...

.####.#.#.##.####.#......#
.####...#....# #.#)...###
.##.........## #..).#.#
.##..........# ####.#.#
.#...........# #.#.#
.............# #.#.#
.............#######.#.#
.#####'#####.......#...#
.# #.# #..#Y@..#########
## ### #...............#
#....##.........#
#.....#.######..# ####
#...#.#.....##..# .†.#
#####........##.##..# .#.#
#.......#.<...#.##..# .#.#
#.###.........#.##..# .#.#
#.#.....#.#.........#


You could see a yak.

Vanquished Creatures
  Grinder (D:6)
  Prince Ribbit (D:6)
  A wyvern (D:6)
  Edmund (D:6)
  A water moccasin (D:7)
  A sky beast (D:6)
  An orc warrior (D:6)
  2 ice beasts (D:5)
  A necrophage (D:4)
  An ogre (D:5)
  A big kobold (D:7)
  2 bullfrogs (D:7)
  4 scorpions
  5 howler monkeys
  2 crimson imps
  2 jellies (D:6)
  5 hounds
  5 orc wizards
  4 orc priests
  An iguana (D:6)
  2 worker ants
  2 hound skeletons
  2 worker ant zombies
  15 gnolls
  6 adders
  A shadow imp (D:5)
  2 oozes (D:1)
  An adder zombie (D:8)
  3 worms
  2 dart slugs
  4 leopard geckos
  33 orcs
  5 bats
  9 giant cockroaches
  7 goblins
  8 hobgoblins
  10 jackals
  13 kobolds
  2 quokkas
  2 ball pythons (D:6)
  4 frilled lizards
  A giant cockroach zombie (D:5)
  A leopard gecko zombie (D:5)
  2 quokka skeletons (D:5)
  A quokka zombie (D:5)
  10 rats
190 creatures vanquished.

Vanquished Creatures (others)
  An orc wizard (D:7)
1 creature vanquished.

Grand Total: 191 creatures vanquished

Notes
Turn   | Place    | Note
-------+----------+-------------------------------------------
     0 | D:1      | markt42 the Hill Orc Fighter began the quest for the Orb.
     0 | D:1      | Reached XP level 1. HP: 19/19 MP: 1/1
   137 | D:1      | Reached XP level 2. HP: 17/27 MP: 2/2
   635 | D:1      | Reached skill level 3 in Axes
   681 | D:1      | Reached XP level 3. HP: 33/33 MP: 3/3
  1266 | D:2      | Found a burning altar of Makhleb.
  1319 | D:2      | Reached skill level 4 in Axes
  1319 | D:2      | Reached XP level 4. HP: 30/40 MP: 4/4
  1654 | D:2      | Reached XP level 5. HP: 46/46 MP: 5/5
  1689 | D:2      | Found a basalt altar of Yredelemnul.
  1753 | D:2      | Reached skill level 5 in Axes
  2045 | D:3      | Found a glowing silver altar of Zin.
  2046 | D:3      | Found a hazy altar of Hepliaklqana.
  3063 | D:4      | Reached skill level 6 in Axes
  3063 | D:4      | Reached XP level 6. HP: 50/52 MP: 6/6
  3379 | D:4      | Noticed a necrophage
  3387 | D:4      | Killed a necrophage
  3574 | D:4      | Found a deep blue altar of Sif Muna.
  3774 | D:5      | Entered Level 5 of the Dungeon
  3821 | D:5      | Found a staircase to the Ecumenical Temple.
  3842 | D:5      | Reached skill level 7 in Axes
  3842 | D:5      | Reached skill level 5 in Shields
  3854 | Temple   | Entered the Ecumenical Temple
  3862 | Temple   | Became a worshipper of Warmaster Okawaru
  3902 | D:5      | Noticed an ice beast
  3913 | D:5      | Killed an ice beast
  3913 | D:5      | Reached XP level 7. HP: 52/59 MP: 7/7
  4017 | D:5      | Got a pair of dazzling gloves
  4018 | D:5      | Identified the +0 pair of gloves of Halowokk {rC+} (You found it on level 5 of the Dungeon)
  4802 | D:5      | Reached skill level 8 in Axes
  5014 | D:5      | Reached * piety under Okawaru
  5040 | D:5      | Reached skill level 9 in Axes
  5252 | D:6      | Noticed Edmund
  5258 | D:6      | Noticed Prince Ribbit
  5264 | D:6      | Killed Edmund
  5264 | D:6      | Reached XP level 8. HP: 54/66 MP: 8/8
  5272 | D:6      | Killed Prince Ribbit
  5272 | D:6      | Reached ** piety under Okawaru
  5272 | D:6      | Reached skill level 5 in Fighting
  5291 | D:6      | Reached skill level 10 in Axes
  5511 | D:6      | Reached skill level 1 in Dodging
  5515 | D:6      | Noticed Grinder
  5522 | D:6      | Paralysed by Grinder for 5 turns
  5882 | D:6      | Paralysed by Grinder for 6 turns
  5896 | D:6      | Killed Grinder
  5896 | D:6      | Reached skill level 11 in Axes
  6112 | D:6      | Noticed a wyvern
  6134 | D:6      | Killed a wyvern
  6134 | D:6      | Reached skill level 5 in Armour
  6134 | D:6      | Reached XP level 9. HP: 24/73 MP: 9/9
  6353 | D:6      | Reached *** piety under Okawaru
  6818 | D:7      | Reached skill level 12 in Axes
  6851 | D:7      | Found a stormy altar of Qazlal.
  7066 | D:7      | Reached skill level 1 in Maces & Flails
  7077 | D:7      | Got a warped dagger
  7078 | D:7      | Identified the +7 dagger "Itosseats" {freeze, Dex+3} (You found it on level 7 of the Dungeon)
  8117 | D:7      | HP: 1/74 [yak (8)]
  8118 | D:7      | Slain by a yak

Skill      XL: |  1  2  3  4  5  6  7  8  9 |
---------------+----------------------------+-----
Axes           | 3 4 6 7 9 11 12 | 12.1
Shields        | 4 5 6 7 |  7.4
Fighting       | 4 5 6 |  6.2
Armour         | 4 5 |  5.4
Dodging        | 1 |  1.1
Maces & Flails | 3 |  3.8

Action                   |  1- 3 |  4- 6 |  7- 9 || total
-------------------------+-------+-------+-------++-------
Melee: War axe           |   123 |   237 |   258 ||   618
       Flail             |       |       |   176 ||   176
  Use: Scroll            |       |     1 |     4 ||     5
       Potion            |       |       |     1 ||     1
  Eat: Chunk             |     1 |     8 |    12 ||    21
       Royal jelly       |       |       |     1 ||     1
       Beef jerky        |       |       |     1 ||     1
Armor: Scale mail        |     8 |       |       ||     8
       Chain mail        |    57 |   104 |    56 ||   217
       Plate armour      |       |       |    93 ||    93
Dodge: Dodged            |    14 |    20 |    37 ||    71
Block: Shield            |    62 |       |       ||    62
       Large shield      |    24 |   204 |   315 ||   543
